 Dungeon Crawl Stone Soup version 0.29.1-12-g30fa7ad0bf (webtiles) character file.

Game seed: 12787818964041104723

184 LustLizard the Shield-Bearer (level 5, -15/50 (53) HPs)
             Began as a Troll Fighter on Dec 24, 2022.
             Killed by divine providence
             ... invoked by an orc priest
              (16 damage)
             ... on level 4 of the Dungeon.
             The game lasted 00:03:22 (1885 turns).

LustLizard the Shield-Bearer (Troll Fighter)        Turns: 1885, Time: 00:03:23

HP:   -15/50 (53)   AC:  4    Str: 24    XL:     5   Next: 36%
MP:   4/4           EV:  8    Int:  6    God:
Gold: 246           SH:  7    Dex:  9    Spells: 4/4 levels left

rFire   . . .      SeeInvis .     - Unarmed
rCold   . . .      Faith    .   b - +0 kite shield
rNeg    . . .      Spirit   .   a - +0 robe
rPois   .          Reflect  .   (helmet restricted)
rElec   .          Harm     .   (no cloak)
rCorr   .          Rampage  .   (gloves unavailable)
Will    .....                   (boots unavailable)
Stlth   +.........              (no amulet)
HPRegen 0.96/turn               (no ring)
MPRegen 0.09/turn               (no ring)

@: drained
A: large, unfitting armour, claws 3, regeneration 1, shaggy fur 1, tough skin 1
a: no special abilities


You were on level 4 of the Dungeon.
You visited 1 branch of the dungeon, and saw 4 of its levels.

You collected 246 gold pieces.

Inventory:

Missiles
 j - 4 poisoned darts (quivered)
 l - 4 atropa-tipped darts
 n - 2 curare-tipped darts
Armour
 a - a +0 robe (worn)
 b - a +0 kite shield (worn)
Scrolls
 e - 4 scrolls of identify
 i - 2 scrolls of fear
 m - a scroll of immolation {unknown}
 o - a scroll of vulnerability {unknown}
 p - 2 scrolls of magic mapping
Potions
 c - a potion of might
 d - a potion of lignification
 f - 2 potions of heal wounds
 g - a potion of attraction {unknown}
 h - 2 potions of curing
 k - 2 potions of haste


   Skills:
 + Level 3.5 Fighting
 - Level 2.4 Dodging
 + Level 3.9 Shields
 + Level 3.6 Unarmed Combat


You had 4 spell levels left.
You didn't know any spells.
Your spell library contained the following spells:

 Spells                   Type           Power      Damage    Failure   Level
 Magic Dart               Conj           0%         1d3       75%         1
 Call Imp                 Summ           0%         N/A       86%         2
 Mephitic Cloud           Conj/Pois/Air  0%         N/A       98%         3


Dungeon Overview and Level Annotations

Branches:
Dungeon (4/15)
 Temple: D:4-7

Altars:
Uskayaw


Innate Abilities, Weirdness & Mutations

You are too large for most types of armour.
You have claws for hands.
Your natural rate of healing is unusually fast.
You are covered in fur. (AC +1)
You have tough skin. (AC +1)


Message History

You closely miss the orc.
A hound comes into view.
You block the kobold's attack. The orc hits you with a +0 club.
The necrophage hits you but does no damage.
The orc hits you but does no damage. The orc attacks as you move away!
The orc closely misses you. The kobold attacks as you move away!
The kobold barely misses you. The necrophage hits you!
You feel drained.
You closely miss the kobold.
The kobold hits you with a +0 short sword.
You block the necrophage's attack. The kobold hits you but does no damage.
The orc priest looks braver for a moment.
You closely miss the ball python. You block the ball python's attack.
The orc hits you with a +0 club.
* * * LOW HITPOINT WARNING * * *
The kobold completely misses you. The kobold hits you but does no damage.
The orc priest looks braver for a moment.
The orc closely misses you. You block the necrophage's attack.
You scratch the kobold.
You kill the kobold!
The ball python bites you but does no damage.
You block the orc's attack. The orc hits you with a +0 club.
* * * LOW HITPOINT WARNING * * *
The kobold hits you but does no damage. The necrophage hits you!
* * * LOW HITPOINT WARNING * * *
You block the orc priest's attack. The ball python barely misses you.
The orc priest attacks as you move away!
The orc priest hits you with a +0 club.
* * * LOW HITPOINT WARNING * * *
The orc attacks as you move away! The orc closely misses you. x2
You block the necrophage's attack. The ball python closely misses you.
There is a stone staircase leading up, spattered with blood here.
Things that are here:
a +0 short sword; 2 stones; a kobold corpse You block the orc's attack.
The orc closely misses you. The necrophage hits you.
* * * LOW HITPOINT WARNING * * *
The orc priest invokes the aid of Beogh against you.
Beogh smites you!
You die...

... ......
#.. ##.......
#..#
#........
#...
#.......h
#.>##........
#........!...
#...o.......
#S@o.......
##ono......
#oK........
#..........
#..........
#........^..
#...........
............
#.>..........


You could see a necrophage, an orc priest, 4 orcs, a ball python and a kobold.

Vanquished Creatures
  An iguana (D:3)
  Terence (D:2)
  3 gnolls (D:2)
  3 adders
  A worm (D:2)
  2 dart slugs (D:2)
  4 orcs (D:3)
  6 ball pythons
  7 bats
  4 endoplasms
  3 giant cockroaches
  7 hobgoblins
  2 jackals (D:3)
  4 kobolds
  A quokka (D:2)
  6 goblins
  5 rats
60 creatures vanquished.

Notes
Turn   | Place    | Note
-------+----------+-------------------------------------------
     0 | D:1      | LustLizard the Troll Fighter began the quest for the Orb.
     0 | D:1      | Reached XP level 1. HP: 22/22 MP: 0/0
   224 | D:1      | Reached XP level 2. HP: 29/29 MP: 1/1
   729 | D:2      | Reached XP level 3. HP: 36/36 MP: 2/2
   908 | D:2      | Noticed Terence
   915 | D:2      | Killed Terence
   916 | D:2      | Reached XP level 4. HP: 45/45 MP: 3/3
  1618 | D:3      | Reached XP level 5. HP: 53/53 MP: 4/4
  1720 | D:3      | Found a faded altar of an unknown god.
  1837 | D:3      | Found a hide-covered altar of Uskayaw.
  1884 | D:4      | HP: 2/50 [orc priest/+0 club (3)]
  1885 | D:4      | Killed from afar by an orc priest

Illustrated notes

Levels and vault maps discovered:
D:1:      lightli_arrival_maybe_door_vault, layout_loops_ring,
          minmay_heptomino_h4
D:2:      minmay_recursive_quarters, layout_basic, uniq_terence
D:3:      layout_loops_cross, nicolae_uskayaw_suspiria,
          hellmonk_ecumenical_altar_arch_garden
D:4:      layout_layer_cave, lemuel_doored_altar,
          mainiacjoe_overflow_cross_hatched, kennysheep_another_room

Skill      XL: |  1  2  3 |
---------------+----------+-----
Shields        | 3 |  3.9
Fighting       | 3 |  3.5
Unarmed Combat | 3 |  3.6
Dodging        | |  2.4

Action                   |  1- 3 |  4- 6 || total
-------------------------+-------+-------++-------
Melee: Unarmed           |    92 |    74 ||   166
  Use: Scroll            |     1 |     5 ||     6
 Stab: Sleeping          |       |     1 ||     1
Armor: Robe              |    16 |    21 ||    37
Dodge: Dodged            |    30 |    32 ||    62
Block: Kite shield       |    38 |    37 ||    75
